AoeStats
← ivs

Hideout

510154463Analyzed
1v1 RM · 2d ago on Sep 29, 2026· 49m 27s· 2 players
Game mode
Random Map
Map size
Tiny (2 player)
Population
200
Speed
Normal
Resources
Standard
Victory
Conquest
Starting age
Dark Age
Ending age
Imperial Age
RankedLock teamsTeams togetherTeam positionsShared explorationLock speedFull tech treeHidden civsTurbo modeCheats
Victory
Defeat
🇦🇷 Armenians · Argentina
1463
+16
🇸🇮 Vikings · Slovenia
1463
-16
DejNePoki13
7:29 Loom
9:19 Feudal Age
10:07 Double-Bit Axe
16:07 Castle Age
14:06 Horse Collar
14:50 Fletching
15:10 Gold Mining
17:24 Bow Saw
17:54 Crossbowman
21:21 Bodkin Arrow
23:45 Padded Archer Armor
24:10 Ballistics
24:33 Scale Mail Armor
26:06 Chain Mail Armor
26:08 Leather Archer Armor
25:44 Town Watch
28:00 Forging
27:45 Stone Mining
30:18 Iron Casting
29:36 Arson
34:29 Imperial Age
32:06 Treadmill Crane
33:16 Squires
34:31 Arbalester
34:34 Elite Varangian Guard
35:21 Bracer
37:25 Chemistry
37:26 Plate Mail Armor
37:24 Conscription
36:41 Capped Ram
38:04 Bogsveigar
39:27 Siege Ram
ivs
9:50 Feudal Age
13:36 Castle Age
11:39 Double-Bit Axe
12:05 Loom
12:13 Horse Collar
12:42 Gold Mining
14:46 Wheelbarrow
14:52 Wheelbarrow
15:32 Fletching
16:44 Loom
18:32 Padded Archer Armor
19:33 Town Watch
20:12 Bow Saw
21:20 Gold Shaft Mining
20:39 Stone Mining
22:13 Bodkin Arrow
23:36 Leather Archer Armor
25:21 Crossbowman
29:29 Imperial Age
27:37 Ballistics
27:32 Forging
28:20 Gold Shaft Mining
27:16 Man-at-Arms
27:41 Gambesons
28:58 Iron Casting
28:06 Long Swordsman
29:29 Two-Handed Swordsman
30:27 Fereters
30:52 Conscription
31:24 Hand Cart
31:45 Champion
33:40 Blast Furnace
33:57 Chemistry
33:39 Elite Composite Bowman
34:45 Scale Mail Armor
34:45 Bracer
36:10 Ring Archer Armor
35:57 Chain Mail Armor
36:04 Town Patrol
36:30 Squires
36:06 Arbalester
37:04 Masonry
36:34 Treadmill Crane
36:50 Murder Holes
37:24 Elite Skirmisher
38:30 Heavy Plow
39:14 Plate Mail Armor
40:01 Hoardings
40:56 Elite Composite Bowman
46:46 Arson
Connection lost

Rejoining the realm…

Still unreachable

The connection could not be restored.

Session expired

The server has moved on; the page needs a fresh start.